 Dungeon Crawl Stone Soup version 0.27-a0-1202-ge72e49191c (webtiles) character file.

Game seed: 7554691964006013404

361 bilbop the Cudgeller (level 6, -6/56 HPs)
             Began as a Minotaur Fighter on June 3, 2021.
             Mangled by Sigmund
             ... wielding a +0 scythe
              (9 damage)
             ... on level 4 of the Dungeon.
             The game lasted 00:11:42 (3969 turns).

bilbop the Cudgeller (Minotaur Fighter)             Turns: 3969, Time: 00:11:43

Health: -6/56      AC:  7    Str: 23    XL:     6   Next: 38%
Magic:  5/5        EV:  7    Int:  5    God:
Gold:   88         SH: 10    Dex:  9    Spells: 5/5 levels left

rFire    . . .     SeeInvis .   a - +0 flail
rCold    . . .     Faith    .   c - +0 kite shield
rNeg     . . .     Spirit   .   b - +0 scale mail
rPois    .         Reflect  .   (helmet restricted)
rElec    .         Harm     .   (no cloak)
rCorr    .         Rampage  .   (no gloves)
Will     .....                  (no boots)
Stlth    ..........             (no amulet)
HPRegen  0.18/turn              (no ring)
MPRegen  0.09/turn              (no ring)

@: no status effects
A: horns 2, retaliatory headbutt
a: no special abilities


You were on level 4 of the Dungeon.
You visited 2 branches of the dungeon, and saw 5 of its levels.

You collected 88 gold pieces.

Inventory:

Hand Weapons
 a - a +0 flail (weapon)
Missiles
 f - 2 atropa-tipped darts (quivered)
 i - 45 sling bullets
Armour
 b - a +0 scale mail (worn)
 c - a +0 kite shield (worn)
Scrolls
 g - a scroll of fog
 j - 2 scrolls of identify
 k - 2 scrolls of magic mapping
 n - a scroll of enchant armour {unknown}
Potions
 d - a potion of might
 e - 4 potions of degeneration {unknown}
 h - a potion of mutation {unknown}
 m - a potion of attraction {unknown}


   Skills:
 + Level 5.0 Fighting
 * Level 5.4 Maces & Flails
 + Level 5.1 Armour
 + Level 5.0 Shields


You had 5 spell levels left.
You didn't know any spells.
Your spell library contained the following spells:

 Spells                   Type           Power      Damage    Failure   Level
 Magic Dart               Conj           0%         1d3       99%         1
 Searing Ray              Conj           0%         3d3       100%        2
 Dazzling Flash           Conj/Hex       0%         N/A       100%        3
 Fulminant Prism          Conj/Hex       0%         3d6       100%        4
 Iskenderun's Mystic Bla  Conj/Tloc      0%         2d3       100%        4


Dungeon Overview and Level Annotations

Branches:
Dungeon (4/15)             Temple (1/1) D:4

Altars:
Elyvilon
Hepliaklqana
Kikubaaqudgha
Makhleb
Nemelex Xobeh
Qazlal
Vehumet
Wu Jian
Xom
Yredelemnul
Zin
The Shining One

Annotations:
D:4 Sigmund


Innate Abilities, Weirdness & Mutations

You have a pair of horns on your head.
You reflexively headbutt those who attack you in melee.


Message History

Sigmund barely misses you. Sigmund hits you but does no damage.
Sigmund casts a spell at you. You resist with some effort.
Sigmund hits you with a +0 scythe!
You closely miss Sigmund. Your headbutt misses Sigmund.
Sigmund hits you with a +0 scythe.
You bump into the crystal wall.
You feel less confused. Sigmund hits you but does no damage.
You closely miss Sigmund. You block Sigmund's attack.
You hit Sigmund. Your headbutt misses Sigmund.
Sigmund is lightly wounded.
Sigmund gestures at himself while chanting.
Sigmund flickers and vanishes!
Deactivating autopickup; reactivate with Ctrl-A.
Something hits you but does no damage.
You hit something. You headbutt something.
Something hits you but does no damage.
You miss something. You block something's attack.
You thump something!
You hear some strange, mumbled words.
A puff of flame appears from out of thin air!
The puff of flame hits you. Something hits you.
Your shield and scale mail prevent you from hitting something.
You headbutt something. Something hits you.
You closely miss something. Something hits you!
Your scale mail prevents you from hitting something.
Your headbutt misses something. Something hits you but does no damage.
You hit something. You headbutt something. Something hits you!
* * * LOW HITPOINT WARNING * * *
Something hits you.
* * * LOW HITPOINT WARNING * * *
You miss something. Something completely misses you.
You miss something. Something hits you but does no damage.
You closely miss something. Your headbutt misses something.
Something hits you but does no damage. Something hits you.
* * * LOW HITPOINT WARNING * * *
You hit something. Your headbutt misses something. Something hits you!
You die...

....## ##.....## #.
....# ##.......#####.
...## #..............
..## #........#...#.
. #........#.⌠.# ..
#......###...###...
##.................
#......⌠..>..⌠....
#.......{@........
#..##.###...###...
#####...#.⌠.# ..
##....#...#
###...........
######.<............
.....................
...........#####.....
...........# #.


There were no monsters in sight!

Vanquished Creatures
  2 scorpions (D:4)
  Natasha (thrice) (D:3)
  An iguana (D:4)
  A hound skeleton (D:4)
  5 adders
  4 dart slugs
  3 bats
  8 endoplasms
  4 giant cockroaches
  4 goblins
  6 hobgoblins
  14 jackals
  A quokka (D:3)
  5 ball pythons
  6 frilled lizards
  7 kobolds
  8 rats
82 creatures vanquished.

Vanquished Creatures (others)
  A plant (D:1)
1 creature vanquished.

Grand Total: 83 creatures vanquished

Notes
Turn   | Place    | Note
-------+----------+-------------------------------------------
     0 | D:1      | bilbop the Minotaur Fighter began the quest for the Orb.
     0 | D:1      | Reached XP level 1. HP: 19/19 MP: 0/0
   161 | D:1      | Reached XP level 2. HP: 27/27 MP: 1/1
   658 | D:1      | Reached XP level 3. HP: 29/33 MP: 2/2
  1183 | D:2      | Reached XP level 4. HP: 40/40 MP: 3/3
  2384 | D:3      | Noticed Natasha
  2390 | D:3      | Killed Natasha
  2485 | D:3      | Reached XP level 5. HP: 34/47 MP: 4/4
  2546 | D:3      | Noticed Natasha
  2552 | D:3      | Killed Natasha
  2688 | D:3      | Noticed Natasha
  2697 | D:3      | Killed Natasha
  3186 | D:4      | Reached skill level 5 in Maces & Flails
  3186 | D:4      | Reached skill level 5 in Armour
  3186 | D:4      | Reached XP level 6. HP: 55/55 MP: 5/5
  3313 | D:4      | Found a staircase to the Ecumenical Temple.
  3314 | D:4      | Noticed Sigmund
  3678 | D:4      | Reached skill level 5 in Fighting
  3678 | D:4      | Reached skill level 5 in Shields
  3691 | Temple   | Entered the Ecumenical Temple
  3968 | D:4      | HP: 2/56 [something (4)]
  3969 | D:4      | Mangled by Sigmund

Illustrated notes

Levels and vault maps discovered:
D:1:      dpeg_arrival_solitude, layout_basic, serial_forest,
          infiniplex_forest_straight_5, infiniplex_forest_straight_5,
          infiniplex_forest_straight_4, infiniplex_forest_lined_corner,
          infiniplex_forest_clump_medium, infiniplex_forest_end_1,
          infiniplex_forest_clump_small, infiniplex_forest_end_2
D:2:      minmay_general_purpose_star, layout_basic, hangedman_decor_opposing,
          minivault_19, minmay_misc_feat_encased, item_on_display_a
D:3:      layout_basic, uniq_natasha
D:4:      layout_cave_pods, minmay_temple_entry_junction_2, uniq_sigmund
Temple:   minmay_temple_bridge_abc

Skill      XL: |  1  2  3  4  5  6 |
---------------+-------------------+-----
Maces & Flails | 3 4 5 |  5.4
Armour         | 4 5 |  5.1
Fighting       | 4 5 |  5.0
Shields        | 4 5 |  5.0

Action                   |  1- 3 |  4- 6 || total
-------------------------+-------+-------++-------
Melee: Flail             |    98 |   144 ||   242
       Headbutt          |    13 |    19 ||    32
  Use: Scroll            |     2 |     2 ||     4
Armor: Scale mail        |    38 |    62 ||   100
Dodge: Dodged            |    41 |    44 ||    85
Block: Kite shield       |    45 |    68 ||   113

Table legend: (Time is in decaauts)
 A = Elapsed time spent in this place.
 B = Non-inter-level travel time spent in this place.
 C = Inter-level travel time spent in this place.
 D = Time resting spent in this place.
 E = Time spent auto-exploring this place.
 F = Levels seen in this place.
 G = Mean time per level.
                   A        B        C        D        E       F      G
               +--------+--------+--------+--------+--------+-----+--------+
         Total |   4069 |   3834 |    235 |    549 |   2662 |   5 |  813.8 |
       Dungeon |   3819 |   3606 |    213 |    549 |   2436 |   4 |  954.8 |
        Temple |    249 |    227 |     22 |      0 |    226 |   1 |  249.0 |
               +--------+--------+--------+--------+--------+-----+--------+

Top non-repeatable levels by time:
     D:3: 1337 daAuts
     D:2: 1139 daAuts
     D:1: 961 daAuts
     D:4: 380 daAuts
  Temple: 249 daAuts
